 Dungeon Crawl Stone Soup version 0.22-a0-824-g1ca9aab89c (console) character file.

2043 Lexodia the Grappler (level 9, -7/79 HPs)
             Began as a Troll Chaos Knight on July 24, 2018.
             Killed from afar by a quicksilver dragon (37 damage)
             ... with a bolt of dispelling energy
             ... on level 7 of the Dungeon.
             The game lasted 00:11:57 (3446 turns).

Lexodia the Grappler (Troll Chaos Knight)           Turns: 3446, Time: 00:11:57

Health: -7/79      AC:  7    Str: 21 (25) XL:     9   Next: 4%
Magic:  8/8        EV: 10    Int:  8 (9)  God:    Xom [.....*]
Gold:   576        SH:  0    Dex:  6 (9)  Spells: 8/8 levels left

rFire    . . .     SeeInvis .     - Unarmed
rCold    + . .     Gourm    +   (no shield)
rNeg     . . .     Faith    .   j - +2 robe {rC+}
rPois    .         Spirit   .   (helmet restricted)
rElec    .         Reflect  .   (no cloak)
rCorr    .         Harm     .   (gloves unavailable)
MR       .....                  (boots unavailable)
Stlth    +.........             (no amulet)
HPRegen  0.63/turn              w - +3 ring of intelligence
MPRegen  0.11/turn              (no ring)

@: no status effects
A: large, unfitting armour, claws 3, horns 2, deterioration 1, dopey 1, fast
metabolism 3, frail 1, gourmand, regeneration 1, shaggy fur 1, tough skin 2,
evolution 1, MP-powered wands
a: Renounce Religion


You were on level 7 of the Dungeon.
You worshipped Xom.
You were Xom's teddy bear.
You were completely stuffed.

You visited 1 branch of the dungeon, and saw 7 of its levels.

You collected 576 gold pieces.

Inventory:

Armour
 a - a +2 robe
 j - a +2 robe of cold resistance (worn)
Jewellery
 w - a +3 ring of intelligence (left claw)
Wands
 u - a wand of iceblast (1)
 v - a wand of scattershot (3)
Scrolls
 c - 3 scrolls of teleportation {unknown}
 d - 4 scrolls of identify {unknown}
 g - 2 scrolls of blinking {unknown}
 i - 2 scrolls of fog {unknown}
 n - 2 scrolls of enchant weapon {unknown}
 p - a scroll of amnesia {unknown}
 r - 2 scrolls of magic mapping {unknown}
 y - a scroll of acquirement {unknown}
 B - a scroll of remove curse {unknown}
 C - 2 scrolls of summoning {unknown}
Potions
 t - 2 potions of curing
Miscellaneous
 o - a lamp of fire (inert)
Comestibles
 b - 8 rations
 A - 2 chunks of flesh


   Skills:
 + Level 5.5 Fighting
 + Level 5.2 Dodging
 * Level 9.0 Unarmed Combat


You had 8 spell levels left.
You didn't know any spells.
Your spell library contained the following spells:

 Spells                   Type           Power        Failure   Level  Hunger
 Stone Arrow              Conj/Erth      #.....       78%         3    ####...
 Passwall                 Tmut/Erth      #.......     54%         2    ###....
 Lee's Rapid Deconstruct  Erth           #.........   100%        5    ######.
 Sandblast                Erth           #.....       41%         1    ##.....
 Petrify                  Tmut/Erth      #.......     99%         4    #####..


Dungeon Overview and Level Annotations

Branches:
Dungeon (7/15)             Temple (0/1) D:6

Altars:
Dithmenos
Ru

Shops:
D:5 %


Innate Abilities, Weirdness & Mutations

You are too large for most types of armour.
You have claws for hands.
Your metabolism is lightning-fast.
You like to eat raw meat.
Your natural rate of healing is unusually fast.
You are covered in fur. (AC +1)
You have very tough skin. (AC +2)
You have a pair of horns on your head.
Your body sometimes deteriorates upon taking damage.
You are dopey. (Int -2)
You are frail. (-10% HP)
You evolve.
You expend magic power (3 MP) to strengthen your wands.


Message History

* * * LOW HITPOINT WARNING * * *
Huge Dmg: -64%(-50hp) hp: 18%(14hp) You're too confused!
You barely miss the kobold. Your headbutt misses the kobold.
The kobold closely misses you. The kobold misses you.
The quicksilver dragon breathes dispelling energy at you.
The bolt of dispelling energy misses you.
The kobold closely misses you.
You feel better.
You feel less invigorated. The quicksilver dragon bites you.
The quicksilver dragon barely misses you.
A hound skeleton comes into view.
The kobold closely misses you.
The kobold hits you with an uncursed dagger.
The kobold barely misses you.
Okay, then.
A hobgoblin comes into view. It is wielding a club.
The quicksilver dragon breathes dispelling energy at you.
The bolt of dispelling energy hits you!
You die...
Xom titters!

#.....##........#.#####
.g(..##...............
#Z..##.............|.
#?........###........
#...........#...#####
#)(..(......#...#
#†.††.......#...#
#(KDKK.....####.#
#(..@......# #.#
####.......# #.#
#........# #.#
#......#.# #......#..
##$...## ..... ......


You could see a quicksilver dragon, a hobgoblin, 3 kobolds and a hound skeleton.

Vanquished Creatures
  Sigmund (D:2)
  Menkaure (D:4)
  2 sky beasts
  An ice beast (D:7)
  A phantom (D:6)
  A necrophage (D:6)
  A boggart (D:7)
  A centaur (D:5)
  A big kobold (D:7)
  2 bullfrogs (D:6)
  Blork the orc (D:4)
  A scorpion (D:5)
  2 howler monkeys
  2 centaur zombies
  A gnoll shaman (D:6)
  2 orc priests
  A centaur skeleton (D:5)
  3 hounds
  Jessica (D:2)
  An iguana (D:5)
  2 orc wizards
  A worker ant (D:6)
  12 gnolls
  A howler monkey skeleton (D:4)
  9 adders
  3 shadow imps
  An adder zombie (D:5)
  4 worms
  4 dart slugs
  4 leopard geckos
  15 orcs
  3 giant cockroaches
  8 goblins
  7 hobgoblins
  10 jackals
  4 quokkas
  A ball python (D:2)
  8 bats
  14 frilled lizards
  6 kobolds
  3 leopard gecko skeletons
  5 rats
  2 plants (D:5)
154 creatures vanquished.

Vanquished Creatures (collateral kills)
  An adder (D:5)
1 creature vanquished.

Grand Total: 155 creatures vanquished

Notes
Turn   | Place    | Note
-------+----------+-------------------------------------------
     0 | D:1      | Lexodia the Troll Chaos Knight began the quest for the Orb.
     0 | D:1      | Reached XP level 1. HP: 22/22 MP: 0/0
    64 | D:1      | Reached XP level 2. HP: 29/29 MP: 1/1
    65 | D:1      | XOM: divination: magic mapping
   273 | D:1      | Reached XP level 3. HP: 36/36 MP: 2/2
   436 | D:2      | Reached skill level 4 in Unarmed Combat
   477 | D:2      | Noticed Sigmund
   488 | D:2      | Huge Dmg: 9 dmg
   497 | D:2      | Killed Sigmund
   497 | D:2      | Reached skill level 5 in Unarmed Combat
   497 | D:2      | Reached XP level 4. HP: 41/45 MP: 3/3
   497 | D:2      | Reached XP level 5. HP: 48/53 MP: 4/4
   512 | D:2      | XOM: noise
   605 | D:2      | XOM: medium Conj miscast
   610 | D:2      | Noticed Jessica
   613 | D:2      | Killed Jessica
   614 | D:2      | XOM: harmless Chrm miscast
   921 | D:3      | Reached XP level 6. HP: 61/61 MP: 5/5
   977 | D:3      | XOM: enchant monster (good)
  1138 | D:3      | XOM: harmless Tloc miscast
  1244 | D:3      | XOM: harmless Conj miscast
  1261 | D:3      | Huge Dmg: 20 dmg
  1297 | D:3      | XOM: god gift: ring mail {god gift}
  1579 | D:3      | XOM: give mutations
  1579 | D:3      | Gained mutation: You have a pair of small horns on your head. [Xom's mischief]
  1579 | D:3      | Gained mutation: You are dopey. (Int -2) [Xom's mischief]
  1579 | D:3      | Lost mutation: You are dopey. (Int -2) [Xom's mischief]
  1579 | D:3      | Gained mutation: You expend magic power (3 MP) to strengthen your wands. [Xom's mischief]
  1716 | D:4      | Found a shadowy altar of Dithmenos.
  1798 | D:4      | Noticed Menkaure
  1802 | D:4      | Killed Menkaure
  1802 | D:4      | Reached skill level 6 in Unarmed Combat
  1802 | D:4      | Reached XP level 7. HP: 68/68 MP: 6/6
  1892 | D:4      | Noticed Blork the orc
  1895 | D:4      | Killed Blork the orc
  1980 | D:4      | XOM: give mutations
  1980 | D:4      | Gained mutation: Your body sometimes deteriorates upon taking damage. [Xom's mischief]
  1980 | D:4      | Gained mutation: You are somewhat resistant to further mutation. [Xom's mischief]
  1980 | D:4      | Gained mutation: You are frail. (-10% HP) [Xom's mischief]
  1980 | D:4      | Gained mutation: You have a pair of horns on your head. [Xom's mischief]
  2023 | D:4      | XOM: god gift: scale mail {god gift}
  2143 | D:4      | XOM: cloud trail
  2150 | D:5      | Entered Level 5 of the Dungeon
  2151 | D:5      | XOM: summons friendly ufetubus
  2152 | D:5      | Huge Dmg: 15 dmg
  2154 | D:5      | XOM: confuse monster(s)
  2160 | D:5      | Huge Dmg: 9 dmg
  2173 | D:5      | Found Luxilud's Food Boutique.
  2178 | D:5      | XOM: confusion (+ monsters)
  2471 | D:5      | Found a sacrificial altar of Ru.
  2582 | D:5      | Found a transporter.
  2620 | D:5      | XOM: chaos cloud
  2626 | D:5      | Huge Dmg: 15 dmg
  2627 | D:5      | Reached skill level 7 in Unarmed Combat
  2632 | D:5      | Found a transporter.
  2644 | D:5      | XOM: give mutations
  2644 | D:5      | Lost mutation: You are somewhat resistant to further mutation. [Xom's mischief]
  2644 | D:5      | Gained mutation: You are weak. (Str -2) [Xom's mischief]
  2644 | D:5      | Gained mutation: You are dopey. (Int -2) [Xom's mischief]
  2760 | D:5      | XOM: harmless Necr miscast
  2825 | D:5      | Reached XP level 8. HP: 53/71 MP: 7/7
  2960 | D:6      | XOM: god gift: 19 gold pieces
  2999 | D:6      | Reached skill level 8 in Unarmed Combat
  3062 | D:6      | XOM: mild Hex miscast
  3108 | D:6      | Reached skill level 5 in Fighting
  3182 | D:6      | Found a staircase to the Ecumenical Temple.
  3209 | D:6      | Reached skill level 5 in Dodging
  3409 | D:7      | XOM: polymorph howler monkey -> boggart
  3424 | D:7      | Lost mutation: You are frail. (-10% HP) [potion of mutation]
  3424 | D:7      | Lost mutation: You expend magic power (3 MP) to strengthen your wands. [potion of mutation]
  3424 | D:7      | Lost mutation: You are weak. (Str -2) [potion of mutation]
  3424 | D:7      | Gained mutation: You evolve. [potion of mutation]
  3424 | D:7      | Gained mutation: You are frail. (-10% HP) [potion of mutation]
  3424 | D:7      | Gained mutation: You expend magic power (3 MP) to strengthen your wands. [potion of mutation]
  3432 | D:7      | Reached XP level 9. HP: 50/79 MP: 0/8
  3433 | D:7      | Noticed a quicksilver dragon
  3433 | D:7      | an ogre changed into a quicksilver dragon
  3433 | D:7      | XOM: polymorph ogre -> quicksilver dragon
  3437 | D:7      | Huge Dmg: 16 dmg
  3439 | D:7      | Reached skill level 9 in Unarmed Combat
  3444 | D:7      | Huge Dmg: 50 dmg
  3446 | D:7      | Killed from afar by a quicksilver dragon

Vault maps used:
D:1:      tarquinn_simple_flora_water_a, minmay_lizard_king
D:2:      uniq_sigmund, uniq_jessica
D:3:      first_ration, minmay_checkerbox
D:4:      lemuel_crystal_altar, uniq_blork_the_orc, uniq_menkaure
D:5:      gammafunk_wand_slinger, basic_altar, serial_shops, shop_coins
D:6:      minmay_temple_entry_butterflies
D:7:      corexii_shantytown

Skill      XL: |  1  2  3  4  5  6  7  8  9 |
---------------+----------------------------+-----
Dodging        | 2 3 4 5 |  5.2
Unarmed Combat | 5 6 7 8 9 |  9.0
Fighting       | 3 4 5 |  5.5

Action                   |  1- 3 |  4- 6 |  7- 9 || total
-------------------------+-------+-------+-------++-------
Melee: Unarmed           |    98 |   107 |   160 ||   365
       Punch             |     1 |     1 |     5 ||     7
       Headbutt          |       |     1 |    26 ||    27
Evoke: Lamp of fire      |       |     1 |     1 ||     2
       Wand              |       |       |     8 ||     8
  Use: Potion            |     2 |       |    11 ||    13
       Scroll            |       |       |     1 ||     1
 Stab: Sleeping          |     1 |     1 |       ||     2
       Distracted        |       |       |     1 ||     1
  Eat: Chunk             |    10 |    10 |    17 ||    37
Armor: Robe              |    52 |    46 |    41 ||   139
       Skin              |       |       |    27 ||    27
Dodge: Dodged            |    48 |    47 |   105 ||   200

Table legend:
 A = Spawn XP
 B = Non-spawn XP
 C = Spawn XP percentage of total XP
 D = Spawn monster count
 E = Non-spawn monster count
 F = Spawn count percentage of total count
 G = Total turns spent on level
                    A         B        C        D         E        F      G
               +---------+---------+-------+---------+---------+-------+---------
         Total |       0 |    2919 |   0.0 |       0 |     153 |   0.0 |  3446
               +---------+---------+-------+---------+---------+-------+---------
           D:1 |       0 |      56 |   0.0 |       0 |      34 |   0.0 |   397
           D:2 |       0 |     320 |   0.0 |       0 |      19 |   0.0 |   515
           D:3 |       0 |     219 |   0.0 |       0 |      31 |   0.0 |   747
           D:4 |       0 |     376 |   0.0 |       0 |      14 |   0.0 |   491
           D:5 |       0 |     540 |   0.0 |       0 |      21 |   0.0 |   689
           D:6 |       0 |     920 |   0.0 |       0 |      24 |   0.0 |   499
           D:7 |       0 |     488 |   0.0 |       0 |      10 |   0.0 |   108
               +---------+---------+-------+---------+---------+-------+---------
